 Dungeon Crawl Stone Soup version 0.31-a0-149-g3fdcc5976a (webtiles) character file.

Game seed: 6539881931755848581

77 IdlyInterested the Trooper (level 4, -4/37 HPs)
             Began as a Demonspawn Fighter on June 7, 2023.
             Was an Initiate of Ashenzari.
             Slain by a sleepcap (13 damage)
             ... on level 4 of the Dungeon.
             The game lasted 00:06:38 (2332 turns).

IdlyInterested the Trooper (Demonspawn Fighter)     Turns: 2332, Time: 00:06:38

Health: -4/37      AC:  8    Str: 17    XL:     4   Next: 13%
Magic:  4/4        EV:  2    Int: 11    God:    Ashenzari [......]
Gold:   107        SH:  0    Dex: 12    Spells: 3/3 levels left

rFire   . . .        l - +0 short sword
rCold   . . .        c - +0 buckler
rNeg    . . .        b - +0 scale mail
rPois   +            (helmet restricted)
rElec   .            (no cloak)
rCorr   .            (no gloves)
SInv    .            (no boots)
Will    .....        (no amulet) Stlth
                     e - ring of poison resistance
HPRegen 0.26/turn    (no ring)
MPRegen 0.09/turn

%: no passive effects
@: sleeping
A: antennae 1, yellow scales 1, demonic magic 1
a: Renounce Religion


You were on level 4 of the Dungeon.
You worshipped Ashenzari.
Ashenzari was noncommittal.
You visited 1 branch of the dungeon, and saw 4 of its levels.

You collected 107 gold pieces.

Inventory:

Hand Weapons
 i - a +0 dagger
 l - a +0 short sword (weapon)
Missiles
 h - 13 stones (quivered)
 k - 3 silver boomerangs
Armour
 b - a +0 scale mail (worn)
 c - a +0 buckler (worn)
Jewellery
 e - a ring of poison resistance (left hand)
Scrolls
 g - a scroll of identify
 j - a scroll of teleportation {unknown}
 m - a scroll of poison {unknown}
 o - a scroll of enchant armour {unknown}
 p - a scroll of silence {unknown}
Potions
 d - 2 potions of might
 f - 3 potions of heal wounds
 n - a potion of haste


   Skills:
 + Level 3.8 Fighting
 * Level 1.0 Short Blades
 - Level 1.9 Axes
 - Level 3.0 Armour
 * Level 1.3 Dodging
 + Level 1.0 Stealth
 - Level 2.6 Shields


You had 3 spell levels left.
You didn't know any spells.
Your spell library was empty.

Dungeon Overview and Level Annotations

Branches:
Dungeon (4/15)
 Temple: D:4-7

Altars:
Ashenzari
Gozag
Trog


Innate Abilities, Weirdness & Mutations

You have a pair of small antennae on your head.
You are partially covered in yellow scales. (AC +2)
Spells you cast may paralyse adjacent enemies.


Message History

The sleepcap releases spores at you but does no damage.
You hit the sleepcap.
The sleepcap is moderately damaged.
The sleepcap releases spores at you.
You are engulfed in a cloud of soporific spores!
You fall asleep.
The sleepcap completely misses you. The sleepcap releases spores at you.
You wake up.
You are engulfed in a cloud of soporific spores!
You are unaffected.
You completely miss the sleepcap.
The sleepcap is moderately damaged.
You block the sleepcap's attack.
You hit the sleepcap but do no damage.
The sleepcap is moderately damaged.
The sleepcap barely misses you.
You hit the sleepcap but do no damage.
The sleepcap is moderately damaged.
You block the sleepcap's attack.
You hit the sleepcap but do no damage.
The sleepcap is moderately damaged.
The sleepcap releases spores at you.
* * * LOW HITPOINT WARNING * * *
You are engulfed in a cloud of soporific spores!
You are unaffected.
You hit the sleepcap.
The sleepcap is heavily damaged.
The sleepcap releases spores at you but does no damage.
You hit the sleepcap.
The sleepcap is heavily damaged.
The sleepcap completely misses you.
Unknown command.
You hit the sleepcap but do no damage.
The sleepcap is heavily damaged.
The sleepcap releases spores at you.
* * * LOW HITPOINT WARNING * * *
You are engulfed in a cloud of soporific spores!
You fall asleep.
The sleepcap releases spores at you!
You die...

..............
.........)...
....$.......
...........
......$..?
.........
#....# #@f..#
#)...# #....#
.....# .......
#.####.#+ #.
.. .. ..


You could see a sleepcap.

Vanquished Creatures
  2 adders (D:3)
  A worm (D:2)
  A dart slug (D:3)
  3 bats
  4 endoplasms
  10 giant cockroaches
  6 goblins
  2 hobgoblins
  3 kobolds
  3 quokkas
  4 ball pythons
  5 frilled lizards
  7 rats
51 creatures vanquished.

Notes
Turn   | Place    | Note
-------+----------+-------------------------------------------
     0 | D:1      | IdlyInterested the Demonspawn Fighter began the quest for
                  | the Orb.
     0 | D:1      | Reached XP level 1. HP: 18/18 MP: 1/1
   426 | D:1      | Gained mutation: Spells you cast may paralyse adjacent
                  | enemies. [demonic ancestry]
   426 | D:1      | Reached XP level 2. HP: 24/24 MP: 2/2
   899 | D:2      | You fall into a shaft and drop 1 floor!
   914 | D:3      | Gained mutation: You have a pair of small antennae on your
                  | head. [demonic ancestry]
   914 | D:3      | Reached XP level 3. HP: 29/29 MP: 3/3
  1231 | D:2      | Reached skill level 1 in Dodging
  1604 | D:3      | Reached skill level 1 in Stealth
  1653 | D:3      | Found an opulent altar of Gozag.
  1740 | D:3      | Found a bloodstained altar of Trog.
  1747 | D:3      | Found a broken altar of Ashenzari.
  1755 | D:3      | Became a worshipper of Ashenzari the Shackled
  1931 | D:3      | Gained mutation: You are partially covered in yellow
                  | scales. (AC +2) [demonic ancestry]
  1931 | D:3      | Reached XP level 4. HP: 33/37 MP: 4/4
  2315 | D:4      | Reached skill level 1 in Short Blades
  2332 | D:4      | Slain by a sleepcap

Illustrated notes

Levels and vault maps discovered:
D:1:      ldierk_walled_garden_2, layout_loops_ring
D:2:      minmay_roachtagon, layout_rooms, st_stairs_9
D:3:      layout_basic, mainiacjoe_overflow_catch_the_wave, lemuel_round_altar
D:4:      layout_gridville, nicolae_overflow_crystal_walls,
          grunt_decor_arrowhead, kennysheep_nub, kennysheep_boxes

Skill      XL: |  1  2  3  4 |
---------------+-------------+-----
Armour         | 3 |  3.0
Dodging        | 1 |  1.3
Stealth        | 1 |  1.0
Short Blades   | 1 |  1.0
Fighting       | |  3.8
Axes           | |  1.9
Shields        | |  2.6

Action                     |  1- 3 |  4- 6 || total
---------------------------+-------+-------++-------
  Melee: War axe           |    69 |       ||    69
         Short sword       |   151 |    21 ||   172
  Throw: Stone             |       |     3 ||     3
    Use: Potion            |     1 |       ||     1
         Scroll            |     1 |       ||     1
 Armour: Scale mail        |   104 |     3 ||   107
  Dodge: Dodged            |    97 |     7 ||   104
  Block: Buckler           |    46 |     3 ||    49

Table legend: (Time is in decaauts)
 A = Elapsed time spent in this place.
 B = Non-inter-level travel time spent in this place.
 C = Inter-level travel time spent in this place.
 D = Time resting spent in this place.
 E = Time spent auto-exploring this place.
 F = Levels seen in this place.
 G = Mean time per level.
                   A        B        C        D        E       F      G
               +--------+--------+--------+--------+--------+-----+--------+
         Total |   2364 |   2152 |    212 |    182 |   1376 |   4 |  591.0 |
       Dungeon |   2364 |   2152 |    212 |    182 |   1376 |   4 |  591.0 |
               +--------+--------+--------+--------+--------+-----+--------+

Top non-repeatable levels by time:
     D:3: 834 daAuts
     D:2: 808 daAuts
     D:1: 699 daAuts
     D:4: 22 daAuts
